[Event "1000GM Schev-G2 March 2024"]
[Site "Santa Clara"]
[Date "2024.03.10"]
[Round "2.3"]
[White "Stopa, Jacek"]
[Black "Chiang, Jacob"]
[Result "1-0"]
[ECO "A34"]
[WhiteElo "2335"]
[BlackElo "2154"]
[Annotator "TA"]
[PlyCount "93"]
[EventDate "2024.03.06"]
[EventType "schev"]
[EventCountry "USA"]
[SourceTitle "playchess.com"]
[Source "ChessBase"]
[SourceQuality "1"]
[TimeControl "5400+30"]

1. Nf3 Nf6 2. c4 c5 3. g3 Nc6 4. Bg2 e5 5. Nc3 Be7 6. O-O O-O 7. d3 d6 8. Ne1 Be6 9. Bg5 Ne8 10. Bd2 {[%emt 0:01:31] The position is equal.} f5 11. Nd5 Nf6 12. a3 Bxd5 (12... Rc8 $11) 13. cxd5 $16 Nb8 14. b4 Nbd7 15. Qb3 (15. e4 $16) 15... e4 $14 16. Qb1 Re8 17. Ra2 Bf8 18. dxe4 Nxe4 19. Nd3 c4 20. Nf4 Ndf6 21. Rc1 (21. Qc1 $16) 21... b5 (21... Rc8 $1 $14) 22. Be1 Qb6 23. a4 $1 a6 {[%emt 0:00:00] [#]} 24. Rd1 (24. Qa1 $1 $16) 24... g6 $1 25. Qa1 Bg7 {[%emt 0:00:00] White must now prevent ...Ng4.} 26. axb5 Qxb5 (26... Nd7 27. Qc1 axb5 28. Ra5 $14) (26... Nh5 $11 {and Black stays safe.} 27. Qc1 (27. Rxa6 Qxb5 28. Ra5 Rxa5 $11) 27... Nxf4 28. Qxf4 c3) 27. Ne6 $18 Re7 $2 (27... c3 {keeps fighting.} 28. Nxg7 (28. Bxc3 Nxc3 29. Qxc3 Rec8 $18) 28... Kxg7 29. Bxe4 (29. Bxc3 Nxc3 30. Qxc3 Rec8 $16) 29... Nxe4) 28. Ra5 $2 (28. Nxg7 $18 {and White stays clearly on top.} Kxg7 29. f3) 28... Qb6 $16 {[%emt 0:00:00][%cal Oe7e6] [#]} 29. Nxg7 ({Better is} 29. e3 $1 $18) 29... Rxg7 30. Rc1 Rc7 31. b5 ({White should play} 31. e3 $18) 31... Nxd5 $2 (31... c3 $16) 32. Bxe4 $18 (32. bxa6 Rc5 $18) (32. Rxa6 Rca7 $18) 32... fxe4 33. bxa6 (33. Rxa6 Rxa6 34. bxa6 Ra7 $18) 33... Rc5 34. Ra3 Qc6 35. a7 {[%emt 0:03:52] Hoping for Rb1.} Nc7 (35... c3 $142 36. Rb1 (36. Bxc3 Nxc3 37. Rcxc3 Rxc3 $18) 36... c2 37. Rb8+ Kf7 38. Rxa8 (38. Qc1 Nc7 $16) 38... Qxa8 (38... c1=B $2 39. Qh8 $18) (38... c1=Q $2 39. Rb8 $18)) 36. Bd2 Nb5 37. Ra6 Qc7 (37... Qd7 38. Be3 Rc7) 38. Be3 Rf5 39. Qa4 d5 40. Qxb5 d4 41. Bf4 Rxb5 42. Bxc7 c3 43. Rb6 {[%emt 0:04:24] Strongly threatening Rb8+.} d3 44. exd3 {[%emt 0:02:02] Rb8+ would now be deadly.} ({And not} 44. Rxc3 Rxb6 45. exd3 (45. Bxb6 $2 {is the wrong capture.} d2 $19) 45... Rb1+ 46. Kg2 exd3 (46... Rxa7 47. dxe4 Re1 48. e5 $14) 47. Rxd3 Rxa7 $11) 44... exd3 45. Rxc3 d2 46. Rd3 ({Weaker is} 46. Rxb5 d1=Q+ 47. Kg2 Rxa7 $16) 46... Rc5 47. Rb8+ {[%emt 0:00:13] Weighted Error Value: White=0.34/Black=0.78.  Loses game:     	---       	Black=2      Missed win:     	White=1     	---        Mistake:       	White=5     	Black=5      Inaccurate:     	White=3     	Black=3      OK:         	White=11    	Black=7      Best:        	White=1     	Black=3      Strong:       	White=1     	Black=1} 1-0

[Event "1000GM Schev-G2 March 2024"]
[Site "Santa Clara"]
[Date "2024.03.10"]
[Round "2.4"]
[White "Iinuma, Paul Y"]
[Black "Figueredo Losada, Leonel"]
[Result "0-1"]
[ECO "E90"]
[WhiteElo "2141"]
[BlackElo "2325"]
[Annotator "TA"]
[PlyCount "93"]
[EventDate "2024.03.06"]
[EventType "schev"]
[EventCountry "USA"]
[SourceTitle "playchess.com"]
[Source "ChessBase"]
[SourceQuality "1"]
[TimeControl "5400+30"]

1. d4 Nf6 2. c4 d6 3. Nc3 e5 4. Nf3 Nbd7 5. e4 g6 6. Be2 Bg7 7. d5 a5 8. Bg5 h6 9. Be3 Ng4 {White is slightly better.} 10. Bd2 Nc5 11. h3 Nf6 12. Qc2 Qe7 13. Be3 Nfd7 14. Nd2 Na6 15. a3 Nac5 16. b3 h5 17. Rb1 Bh6 18. Bxh6 Rxh6 19. b4 Na6 20. Nf3 (20. bxa5 $6 Kf8 $11) (20. c5 $142) 20... Kf8 $16 21. Qd2 (21. bxa5 $6 Nac5 $11) 21... Kg7 22. Bd3 (22. bxa5 $6 Nac5 $11) 22... Nf8 23. Qc2 (23. bxa5 $6 Nc5 $11) (23. c5 $16) 23... Nh7 (23... axb4 $11 {remains equal.} 24. axb4 c5) 24. Kd1 ({Much worse is} 24. bxa5 Nc5 $15) (24. Na4 $16) 24... Nf6 25. h4 (25. bxa5 Nc5 26. Rb5 c6 27. Rxc5 dxc5 28. dxc6 bxc6 $19 (28... Rxa5 29. cxb7 Bxb7 30. Qb2 $17)) (25. Re1 $11) 25... axb4 $15 26. axb4 c6 27. Nd2 c5 28. bxc5 Nxc5 29. f3 Rh8 30. Ke2 Ne8 31. g3 Nc7 32. Kf2 Bd7 33. Bf1 Rhb8 34. Bh3 Ba4 35. Nxa4 Rxa4 36. Bf1 $1 Rba8 37. Be2 Ra2 38. Rb2 Rxb2 39. Qxb2 Ne8 40. Rb1 Nf6 41. Nf1 Qc7 42. Ne3 Ra4 43. Kg1 $2 (43. Qc1 $15) 43... Qa5 {[%emt 0:00:30] ...Ra2 would now be deadly.} 44. Qc1 Kf8 {[%emt 0:00:30] Black is more active.} (44... Ra2 $142 45. Rb2 Rxb2 46. Qxb2 Qe1+ 47. Nf1 Nb3 48. Qxb3 Qxe2) 45. Bf1 {[%emt 0:00:30] [#]} (45. Kg2 $17 {is a better defense.}) 45... Ra3 $1 $19 {[%emt 0:00:30] Strongly threatening ...Nb3.} 46. Bg2 Qa7 {[%emt 0:00:30] Threatens to win with ...Nb3.} 47. Kh2 {[%emt 0:00:30] Weighted Error Value: White=0.26 (precise) /Black=0.15 (very precise) .  Loses game:     	White=2     	---        Mistake:       	White=4     	Black=2      Inaccurate:     	White=1     	Black=6      OK:         	White=13    	Black=14     Best:        	White=2     	---        Strong:       	White=1     	Black=1} 0-1

[Event "1000GM Schev-G2 March 2024"]
[Site "Santa Clara"]
[Date "2024.03.09"]
[Round "2.4"]
[White "Iinuma, Paul Y"]
[Black "Figueredo Losada, Leonel"]
[Result "1-0"]
[ECO "A11"]
[WhiteElo "2141"]
[BlackElo "2325"]
[Annotator "RC"]
[PlyCount "61"]
[EventDate "2024.03.06"]
[EventType "schev"]
[EventCountry "USA"]
[SourceTitle "playchess.com"]
[Source "ChessBase"]
[SourceQuality "1"]
[TimeControl "5400+30"]

1. Nf3 d5 2. c4 c6 3. e3 Nf6 4. Nc3 e6 5. Qc2 Nbd7 6. b3 Bd6 7. Bb2 a6 8. d4 Qe7 9. Be2 b6 10. O-O Bb7 11. e4 dxe4 12. Nxe4 Nxe4 13. Qxe4 Nf6 14. Qc2 O-O 15. Rfe1 h6 16. Bd3 Rfe8 17. Rac1 Rad8 18. h3 Kh8 19. Ne5 c5 20. dxc5 bxc5 21. Re3 Qc7 22. Rce1 Kg8 23. Qe2 Nd7 24. Nxf7 Kxf7 25. Qh5+ Kg8 26. Bxg7 Nf8 27. Bf6 Bh2+ 28. Kh1 Rxd3 29. Rxd3 Qf4 30. Be5 Qxf2 31. Qg4+ 1-0

[Event "1000GM Schev-G2 March 2024"]
[Site "Santa Clara"]
[Date "2024.03.10"]
[Round "2.5"]
[White "Zhou, Ruoyu"]
[Black "Alarcon Bahamondez, Roberto Ignacio"]
[Result "1/2-1/2"]
[ECO "B12"]
[WhiteElo "2168"]
[BlackElo "2335"]
[Annotator "TA"]
[PlyCount "157"]
[EventDate "2024.03.06"]
[EventType "schev"]
[EventCountry "USA"]
[SourceTitle "playchess.com"]
[Source "ChessBase"]
[SourceQuality "1"]
[TimeControl "5400+30"]

1. e4 c6 2. d4 d5 3. e5 Bf5 4. Nf3 e6 5. Be2 c5 6. c3 Nc6 7. O-O a6 {7...Bg6 is setting a new trend. B12: Caro-Kann: Advance Variation.} 8. Be3 cxd4 9. Nxd4 Nge7 10. f4 Nxd4 11. cxd4 Qb6 12. Qd2 h5 $146 ({Predecessor:} 12... Nc6 13. Nc3 Bb4 14. Rfc1 Na5 15. b3 Ba3 16. Rf1 Rc8 17. Na4 Qb4 18. Nc5 Qxd2 19. Bxd2 {0-1 Bodnaruk,A (2350)-Fridman,D (2574) Titled Tuesday intern op 23rd May Early blitz 2023 (2)}) 13. Nc3 Bg4 14. Na4 Qc6 15. b3 Bxe2 16. Qxe2 Qb5 17. Qxb5+ axb5 18. Nc3 b4 (18... Nf5 $1 $15 19. Nxb5 Nxe3 20. Nc7+ Kd7 21. Nxa8) 19. Nb5 $11 Kd7 20. Nd6 (20. Rac1 {is more complex.} Nc6 21. f5 Be7 22. fxe6+ fxe6 23. Rf7) 20... Nf5 (20... f6 {keeps more tension.} 21. Rfc1 Rb8 22. f5 fxe5 23. Nf7 Nxf5 24. Nxe5+ Ke8) 21. Nxf5 exf5 22. Rfc1 Be7 23. Rc2 Rh6 24. Rac1 Rc6 25. Kf2 Rac8 26. Rxc6 bxc6 27. Ke2 Kc7 28. Rc2 Kb6 29. Kd3 Kb5 30. Rc1 Ra8 31. Rc2 Rh8 32. Ke2 Rh6 33. Kf3 h4 34. Rc1 Rh8 35. Rc2 Rc8 36. Ke2 h3 37. Kd3 ({Much worse is} 37. gxh3 Rh8 38. Bf2 Rxh3 $15) 37... hxg2 38. Rxg2 Rg8 39. Rg1 g6 40. Rg2 Kb6 41. Bg1 Kc7 42. Bf2 Kd7 43. Bg3 Ra8 44. Rc2 Rh8 45. Ke2 Bd8 46. Ke3 Bb6 47. h4 Bd8 48. Kf3 Be7 (48... Bxh4 $2 {loses.} 49. Rh2 $18) 49. Be1 Kc7 50. Rg2 Kd7 51. Rc2 Rb8 52. Ke3 Rb5 53. Kd3 Rb6 54. Rh2 Ra6 55. Rc2 Ke6 56. Ke3 Rb6 57. Kf3 f6 58. exf6 Kxf6 59. Re2 Kf7 60. Bf2 Bf6 61. Rc2 Ra6 62. Kg3 Ke6 63. Kf3 Kd7 64. Be1 Be7 65. Ke3 Ra8 66. Kf3 Rh8 67. Rg2 Rh6 68. Ke3 c5 69. Rc2 Bxh4 70. Bxh4 Rxh4 71. Rxc5 Rh3+ 72. Ke2 Rh2+ 73. Kf3 Rxa2 74. Rxd5+ Kc6 75. Rc5+ Kb6 76. Rd5 Kc6 77. Rc5+ Kb6 78. Rc4 Kb5 79. Rc5+ 1/2-1/2

[Event "1000GM Schev-G2 March 2024"]
[Site "Santa Clara"]
[Date "2024.03.10"]
[Round "3.1"]
[White "Tang, Dylan"]
[Black "Garcia Guerrero, Isaac Antonio"]
[Result "1-0"]
[ECO "B36"]
[WhiteElo "2152"]
[BlackElo "2300"]
[Annotator "TA"]
[PlyCount "65"]
[EventDate "2024.03.06"]
[EventType "schev"]
[EventCountry "USA"]
[SourceTitle "playchess.com"]
[Source "ChessBase"]
[SourceQuality "1"]
[TimeControl "5400+30"]

1. e4 c5 2. Nf3 g6 3. d4 cxd4 4. Nxd4 Nc6 5. c4 Nf6 6. Nc3 d6 7. Be2 Nxd4 8. Qxd4 Bg7 9. Be3 O-O 10. Qd2 a5 11. O-O a4 12. Rab1 Be6 {[%emt 0:01:16] Weiß hat minimalen Vorteil.} 13. Rfc1 Qa5 14. b4 axb3 15. axb3 Rfc8 16. Qc2 Qd8 17. f4 Ra5 18. Na4 Nd7 {[%emt 0:13:41] Lässt Bb6 nicht zu} 19. b4 Raa8 20. f5 gxf5 21. exf5 Bxc4 22. Bxc4 {[%emt 0:00:08] Qd1 ist eine echte Drohung.} d5 {[%emt 0:03:41] [#]} 23. Nc5 $1 Nxc5 $1 24. bxc5 dxc4 25. Qxc4 Qd7 26. Qg4 {[%emt 0:07:47][%cal Ob1b7] Und jetzt Rxb7! wäre schön.} Ra3 $2 (26... Kh8 $14) 27. Rd1 $2 (27. Rxb7 $1 $18 h5 (27... Qxb7 $2 28. Bh6 $18) 28. Qxg7+ (28. Rxd7 hxg4 29. Bg5 Kh7 $18) 28... Kxg7 29. Rxd7 Rxe3 30. c6) 27... Rd3 $11 28. Qf3 Ra8 29. Rdc1 $2 (29. Rxb7 $2 Rxd1+ 30. Kf2 Qd3 $19) (29. Qf1 $11 {und Weiss muss sich keine Sorgen machen.} Rxd1 30. Rxd1) 29... Rda3 $4 {[%emt 0:27:53][%mdl 8192] [#]} (29... Rxe3 $1 $19 30. Rd1 (30. Qxe3 $2 Bd4 $19) 30... Rxf3 31. Rxd7 Rxf5 32. Rxe7 Bd4+ (32... Rxc5 $2 33. Rexb7 Bd4+ 34. Kh1 $19) 33. Kh1 Ra7 (33... Bxc5 $2 34. Rexb7 Ra2 35. h3 $19)) 30. Qg4 Rc8 $4 {[%emt 0:00:30][%mdl 8192] [#]} (30... Rxe3 $19 {und Schwarz kann entspannen.} 31. Kh1 Re5) 31. Rxb7 $1 $18 Qd3 (31... Qxb7 $2 {zu gefräßig.} 32. Bh6 Kf8 33. Qxg7+ Ke8 34. Rd1 $18 (34. Qxh7 Qd5 $11) (34. Qxh7 Qd5 $11)) (31... h5 32. Qxg7+ (32. Rxd7 hxg4 33. Bg5 Ra4 $18) 32... Kxg7 33. Rxd7 Rxe3) 32. Rxe7 {[%emt 0:00:30] Weiss droht f6 und Matt.} Kf8 {[%emt 0:00:30] [#]} 33. f6 $1 {[%emt 0:00:30] Gewichteter Fehlerwert: Weiß=0.75/Schwarz=0.82.  Verlustzug:     	Weiß=1     	Schwarz=1     Gewinn verpasst:   	Weiß=2     	Schwarz=2     Fehler:       	---       	Schwarz=1     Ungenau:       	Weiß=1     	Schwarz=3     OK:         	Weiß=3     	Schwarz=6     Bester:       	Weiß=1     	Schwarz=2     Stark:        	Weiß=2     	Schwarz=1} 1-0

[Event "1000GM Schev-G2 March 2024"]
[Site "Santa Clara"]
[Date "2024.03.10"]
[Round "3.2"]
[White "Pullela, Sricharan"]
[Black "Stopa, Jacek"]
[Result "1/2-1/2"]
[ECO "D03"]
[WhiteElo "2114"]
[BlackElo "2335"]
[Annotator "TA"]
[PlyCount "44"]
[EventDate "2024.03.06"]
[EventType "schev"]
[EventCountry "USA"]
[SourceTitle "playchess.com"]
[Source "ChessBase"]
[SourceQuality "1"]
[TimeControl "5400+30"]

1. d4 Nf6 2. Bg5 Ne4 3. Bf4 d5 4. Nd2 Bf5 5. e3 e6 6. Ngf3 Bd6 7. Be2 Bxf4 8. exf4 Qd6 9. g3 {Die Stellung ist ausgeglichen.} Nd7 10. c3 h6 11. Ne5 Nxe5 12. fxe5 Qb6 13. Qb3 Nxd2 14. Kxd2 O-O 15. Qxb6 axb6 16. a3 c5 17. g4 Bh7 18. f4 Be4 19. Rhf1 f5 20. exf6 gxf6 21. h4 Rac8 22. Rac1 Rc7 {[%emt 0:00:00] Gewichteter Fehlerwert: Weiß=0.07 (makellos) /Schwarz=0.08 (makellos) .  Ungenau:       	Weiß=1     	Schwarz=2     OK:         	Weiß=5     	Schwarz=2} 1/2-1/2

[Event "1000GM Schev-G2 March 2024"]
[Site "Santa Clara"]
[Date "2024.03.10"]
[Round "3.3"]
[White "Figueredo Losada, Leonel"]
[Black "Chiang, Jacob"]
[Result "1/2-1/2"]
[ECO "E18"]
[WhiteElo "2325"]
[BlackElo "2154"]
[Annotator "TA"]
[PlyCount "86"]
[EventDate "2024.03.06"]
[EventType "schev"]
[EventCountry "USA"]
[SourceTitle "playchess.com"]
[Source "ChessBase"]
[SourceQuality "1"]
[TimeControl "5400+30"]

1. d4 Nf6 2. Nf3 b6 3. g3 Bb7 4. Bg2 e6 5. O-O Be7 6. c4 O-O 7. Nc3 d5 8. Ne5 Nbd7 9. Qa4 c5 (9... c6 $11) 10. Nxd7 $14 Nxd7 11. cxd5 {[%emt 0:00:42][%cal Od5d6] Threatens to win with d6!} cxd4 12. Qxd4 {[%emt 0:01:04] Strongly threatening dxe6. White is slightly better.} Bf6 13. Qd2 Bxc3 14. Qxc3 {[%emt 0:03:37] dxe6 is the strong threat.} Bxd5 15. Bxd5 exd5 16. Rd1 Nc5 (16... Nf6 $11) 17. b3 {[%emt 0:03:42] White is more active.} (17. Be3 $16) 17... Rc8 18. Bb2 f6 {[%emt 0:01:00] [#]} ({Black should play} 18... Ne6 $14 19. Qe5 Rc2) 19. Qf3 $1 $16 Ne4 {[%emt 0:02:52] [#]} 20. Rac1 {[%emt 0:00:12] Inhibits Rc2.} (20. Qf5 $1 $16) 20... Rxc1 $14 21. Bxc1 Qc7 22. Ba3 {[%emt 0:05:41][%cal Od1c1] Black must now prevent Rc1!} Rd8 23. Rc1 Qd7 24. Qd3 h5 25. Qc2 h4 26. Qc7 (26. gxh4 $2 {loses.} Qg4+ 27. Kf1 Qxh4 $19) 26... hxg3 27. hxg3 Ng5 28. Be7 (28. Qxd7 {simplifies} Rxd7 29. Kg2 d4 30. Rd1) 28... Ne6 29. Qxd7 Rxd7 $11 {[%emt 0:00:05][%mdl 4096] Endgame. KRB-KRN} 30. Ba3 Rc7 31. Rxc7 Nxc7 {[%emt 0:00:05][%cal Be6c7,Bc7b5,Bb5d6,Bd6f7,Bf7d8,Bd8c6][%mdl 32] KB-KN} 32. Kg2 Kf7 33. Kf3 Ke6 34. Ke3 Nb5 35. Bb2 Nd6 36. g4 Nf7 37. f3 Nd8 {[%emt 0:00:16] The position is equal.} 38. g5 Nc6 39. gxf6 gxf6 40. Bc3 Kf5 41. Kd3 b5 42. e3 a6 43. a3 Ke6 {[%emt 0:00:37] Weighted Error Value: White=0.10 (very precise) /Black=0.11 (very precise) .  Mistake:       	White=2     	Black=2      Inaccurate:     	White=1     	---        OK:         	White=7     	Black=14     Best:        	---       	Black=3      Strong:       	White=1     	---} 1/2-1/2

[Event "1000GM Schev-G2 March 2024"]
[Site "Santa Clara"]
[Date "2024.03.10"]
[Round "3.4"]
[White "Alarcon Bahamondez, Roberto Ignacio"]
[Black "Iinuma, Paul Y"]
[Result "0-1"]
[ECO "A12"]
[WhiteElo "2335"]
[BlackElo "2141"]
[Annotator "TA"]
[PlyCount "126"]
[EventDate "2024.03.06"]
[EventType "schev"]
[EventCountry "USA"]
[SourceTitle "playchess.com"]
[Source "ChessBase"]
[SourceQuality "1"]
[TimeControl "5400+30"]

1. c4 c6 2. Nf3 Nf6 3. b3 d5 4. Bb2 Bf5 5. g3 e6 6. Bg2 Nbd7 7. O-O Be7 8. Nc3 h6 9. d3 O-O 10. Qc2 Bh7 {[%emt 0:04:31] A12: English Opening: 1...c6 with b3 by White.} 11. e4 dxe4 12. dxe4 Qc7 13. Qe2 e5 14. Nh4 Rfe8 $146 ({Predecessor:} 14... Rad8 15. f4 exf4 16. gxf4 Nxe4 17. Nxe4 Bxe4 18. Bxe4 Bxh4 19. Bxg7 Kxg7 20. Qg4+ Kh8 21. Qxh4 Qd6 22. Rad1 Qf6 23. Qh5 Qg7+ 24. Kh1 Nf6 25. Qf3 {½-½ Bartczak,K (1966)-Ostrowski,P (2092) Ehrenfeuchts Memorial U18 8th 2007 (5.2)}) 15. Nf5 Bf8 16. Kh1 Nc5 17. Rad1 Bg6 18. Nb1 Bh5 19. f3 Bg6 20. Qc2 a5 21. Bc3 Rad8 22. Rfe1 Ne6 23. Qb2 Nd7 24. Rd2 f6 25. Red1 Ndc5 26. Ne3 b6 27. Kg1 h5 28. Nf5 Bf7 29. Rxd8 Rxd8 30. Rxd8 Qxd8 31. Qd2 Qd3 32. Qxd3 Nxd3 33. Bd2 Kh7 (33... g6 $17 34. Bf1 Nb4 35. Bxb4 axb4 (35... Bxb4 36. Nh6+ Kg7 37. Nxf7 $17)) 34. Bf1 $15 Nb4 35. Bxb4 axb4 36. Be2 g6 37. Nh4 Nd4 38. Bd1 Be6 ({Black should play} 38... b5 39. cxb5 Nxb5 (39... cxb5 40. Ng2 $15)) 39. Kf2 (39. Ng2 $17) 39... Bc5 $19 40. Ke1 Bh3 41. Nd2 Ne6 42. Be2 Be3 43. Nb1 Nd4 44. Bf1 Be6 45. Bd3 Kg7 46. Bf1 (46. Kd1 $142) 46... g5 $19 47. Ng2 (47. Nf5+ $142 Nxf5 (47... Bxf5 $2 48. exf5 Nxf3+ 49. Ke2 $19) 48. exf5 Bxf5 49. Nd2) 47... Nxf3+ $19 48. Ke2 Bc5 (48... Nxh2 49. Nxe3 Kg6 50. Nd2 $18) 49. Ne3 Nxh2 50. Bg2 Kf7 51. Nf5 Kg6 52. Nd2 $2 (52. Bh3 {was the only defense.}) 52... Ng4 53. Bf3 Nh6 54. Bxh5+ Kxh5 55. Ng7+ Kg4 56. Nxe6 Kxg3 57. Ng7 Be7 58. Ke3 g4 59. Nf1+ Kh4 60. Kf2 Kh3 61. Nh5 f5 62. exf5 Nxf5 63. Nd2 Kh4 0-1

[Event "1000GM Schev-G2 March 2024"]
[Site "Santa Clara"]
[Date "2024.03.10"]
[Round "3.5"]
[White "Zhou, Ruoyu"]
[Black "Filgueiras, Nathan Felipe"]
[Result "0-1"]
[ECO "B32"]
[WhiteElo "2168"]
[BlackElo "2316"]
[Annotator "RC"]
[PlyCount "105"]
[EventDate "2024.03.06"]
[EventType "schev"]
[EventCountry "USA"]
[SourceTitle "playchess.com"]
[Source "ChessBase"]
[SourceQuality "1"]
[TimeControl "5400+30"]

1. e4 c5 2. Nf3 Nc6 3. d4 cxd4 4. Nxd4 e5 5. Nb5 d6 6. N1c3 a6 7. Na3 Be6 8. Nc4 Rb8 9. Ne3 Nf6 10. Bd3 g6 11. O-O Bg7 12. a3 O-O 13. Ncd5 Bxd5 14. exd5 Ne7 15. c4 Nd7 16. Rb1 f5 17. f3 h5 18. b4 f4 19. Nc2 Nf5 20. Qe1 Bf6 21. Bxf5 gxf5 22. Qe2 b5 23. Qd3 Bg7 24. Bb2 Qb6+ 25. Kh1 Rbc8 26. cxb5 Qxb5 27. Qxb5 axb5 28. Na1 Nb6 29. Nb3 Rc2 30. Rfc1 Rfc8 31. Na5 Nxd5 32. Rxc2 Rxc2 33. g3 Kf7 34. gxf4 Nxf4 35. a4 bxa4 36. b5 Nd5 37. Ba3 Nb6 38. Bxd6 Ke6 39. Ba3 e4 40. fxe4 fxe4 41. Re1 Bc3 42. Nc6 Rxh2+ 43. Kxh2 Bxe1 44. Bc5 Nd7 45. Ba3 Kd5 46. Kg2 Kc4 47. Kf1 Bc3 48. Ne7 Bb4 49. Bxb4 Kxb4 50. Nd5+ Kb3 51. Nf4 a3 52. Ne2 Kb2 53. Kg1 0-1

[Event "1000GM Schev-G2 March 2024"]
[Site "Santa Clara"]
[Date "2024.03.10"]
[Round "4.1"]
[White "Stopa, Jacek"]
[Black "Tang, Dylan"]
[Result "1/2-1/2"]
[ECO "A13"]
[WhiteElo "2335"]
[BlackElo "2152"]
[Annotator "TA"]
[PlyCount "92"]
[EventDate "2024.03.06"]
[EventType "schev"]
[EventCountry "USA"]
[SourceTitle "playchess.com"]
[Source "ChessBase"]
[SourceQuality "1"]
[TimeControl "5400+30"]

1. Nf3 Nf6 2. c4 e6 3. g3 d5 4. Bg2 dxc4 5. Qa4+ Bd7 6. Qxc4 c5 7. d3 Nc6 {[%emt 0:03:36] Lässt Ne5 nicht zu} 8. O-O Rc8 9. Nc3 Be7 10. a4 O-O 11. Bg5 Qb6 12. Qb5 Na5 ({Günstiger ist} 12... Qc7 $15 13. a5 Rfd8) 13. Qxb6 $11 axb6 14. Ne5 Bc6 15. Bxc6 bxc6 16. Bxf6 Bxf6 17. Nd7 Rfd8 18. Nxf6+ gxf6 19. Rfb1 Rd4 20. Ne4 Kg7 21. b3 Rb4 22. Nd2 f5 23. Kf1 h5 24. Ke1 h4 25. Kd1 hxg3 26. hxg3 Rh8 27. Kc2 Rh2 28. Rf1 f4 (28... e5 $14) 29. gxf4 $16 Rxf4 {[%emt 0:00:00] [#]} 30. Nf3 ({Vorzuziehen ist} 30. Nc4 $1 $16) 30... Rg2 $11 31. Rg1 Rxg1 32. Rxg1+ $14 {[%emt 0:00:03][%mdl 4096] Endspiel. KRN-KRN} Kf6 33. Rg8 Rb4 34. Nd2 Ke7 $1 35. Ra8 f5 36. Ra7+ Kd6 37. Nc4+ ({Besser ist} 37. e3 $16) 37... Nxc4 $11 {[%emt 0:00:00] Die Stellung ist ausgeglichen.} 38. dxc4 {[%emt 0:02:11] [#] Droht Rb7 und aus. KR-KR} b5 $1 39. Kc3 {[%emt 0:03:48] Droht stark axb5.} bxc4 40. bxc4 Rb1 41. f4 Re1 42. Kd2 Ra1 43. a5 Ra2+ 44. Kd3 Ra3+ 45. Kd2 Ra2+ 46. Kd3 Ra3+ {[%emt 0:00:00] Gewichteter Fehlerwert: Weiß=0.11 (sehr präzise) /Schwarz=0.10 (sehr präzise) .  Fehler:       	Weiß=2     	Schwarz=2     Ungenau:       	Weiß=2     	Schwarz=3     OK:         	Weiß=15    	Schwarz=13    Bester:       	Weiß=2     	Schwarz=2     Stark:        	---       	Schwarz=2} 1/2-1/2

[Event "1000GM Schev-G2 March 2024"]
[Site "Santa Clara"]
[Date "2024.03.10"]
[Round "4.2"]
[White "Figueredo Losada, Leonel"]
[Black "Pullela, Sricharan"]
[Result "1-0"]
[ECO "C05"]
[WhiteElo "2325"]
[BlackElo "2114"]
[Annotator "TA"]
[PlyCount "53"]
[EventDate "2024.03.06"]
[EventType "schev"]
[EventCountry "USA"]
[SourceTitle "playchess.com"]
[Source "ChessBase"]
[SourceQuality "1"]
[TimeControl "5400+30"]

1. e4 e6 2. d4 d5 3. Nd2 Nf6 4. e5 Nfd7 5. f4 c5 6. c3 Nc6 7. Ndf3 a5 8. Bd3 cxd4 9. cxd4 Nb6 10. Ne2 {[%emt 0:00:24] White is slightly better.} Bd7 11. O-O Rc8 (11... Be7 $11 {keeps the balance.}) 12. a3 a4 13. Rb1 Na5 {[#]} (13... Be7 $14) 14. f5 $1 $16 exf5 {[#]} 15. g4 $1 f4 (15... g6 16. gxf5) 16. Nxf4 {[%emt 0:00:00][%cal Oe5e6] Black must now prevent e6!} (16. Bxf4 $6 Nbc4 $14) 16... Be7 {[%emt 0:00:00] [#]} 17. e6 (17. Qe2 $142 $1) 17... fxe6 $2 {[%emt 0:00:00][%mdl 8192] [#] Black cannot hold the game after this.} (17... Bxe6 $16 18. Nxe6 (18. Qe1 Nbc4 $11) 18... fxe6) 18. Ng6 $1 $18 hxg6 (18... Bf6 19. Nxh8) 19. Bxg6+ Kf8 20. Ne5+ Bf6 21. g5 Nb3 22. gxf6 Nxc1 23. fxg7+ {[%emt 0:00:00] White mates.} Kxg7 24. Rf7+ (24. Rxc1 $2 Qg5+ 25. Qg4 (25. Kh1 $2 Rxh2+ 26. Kxh2 Rh8+ $19) 25... Qxg4+ (25... Qxc1 26. Bc2+ Kh6 27. Qg6#) 26. Nxg4 Rxc1 (26... Kxg6 $2 27. Ne5+ Kh5 28. Rxc8 $19) 27. Rxc1 Kxg6 $19) 24... Kg8 25. Bh7+ (25. Rxc1 $2 {loses.} Qg5+ 26. Ng4 Rxc1 $19 (26... Qxc1 27. Nf6#)) 25... Rxh7 26. Qg4+ Kh8 27. Rxh7+ {[%emt 0:00:00][%mdl 32768] Weighted Error Value: White=0.05 (flawless) /Black=0.82.  Loses game:     	---       	Black=1      Mistake:       	White=1     	Black=2      Inaccurate:     	---       	Black=1      OK:         	White=2     	Black=5      Best:        	---       	Black=1      Brilliant:      	White=3     	---       . Loss on time!?} 1-0